 Dungeon Sprint DCSS version 0.17-a0-1575-g9a29ec8 (webtiles) character file.

292 nuthulu the Basher (level 8, -3/97 HPs)
             Began as a Troll Berserker on July 26, 2015.
             Was a High Priest of Trog.
             Slain by the 27-headed Lernaean hydra (9 damage)
             ... in the Dungeon (Sprint VI: "Thunderdome").
             The game lasted 00:03:45 (558 turns).

nuthulu the Basher (Troll Berserker)                 Turns: 558, Time: 00:03:46

Health: -3/97      AC:  9    Str: 38    XL:     8   Next: 54%
Magic:  16/16      EV: 11    Int:  8    God:    Trog [*****.]
Gold:   40         SH:  0    Dex: 11    Spells: 0 memorised, 7 levels left

rFire  + . .     SeeInvis .     r - +0 giant spiked club (flame)
rCold  . . .     Clarity  +     b - +0 animal skin
rNeg   . . .     SustAt   .     (no shield)
rPois  .         Gourm    +     (helmet restricted)
rElec  +         Spirit   .     (no cloak)
rCorr  .         Warding  .     (gloves unavailable)
rMut   .         NoTele   +     (boots unavailable)
MR     .....                    s - amulet "Weoghaorr" {Clar rF- Str+4}
Stlth  +.........               q - ring of Starshine {rElec MR- AC+4 Int+5}
                                n - ring "Uluohowa" {rF++ MP+9 Str+3 Slay+3}

@: mighty, very slightly contaminated, not resistant to hostile enchantments,
very unstealthy
A: unfitting armour, claws 3, fast metabolism 3, gourmand, regeneration 2,
shaggy fur 1, tough skin 2
a: Burn Spellbooks, Berserk, Trog's Hand, Brothers in Arms, Renounce Religion


You were in the Dungeon.
You worshipped Trog.
Trog was extremely pleased with you.
You were very full.

You visited 1 branch You collected 600 gold pieces.
You spent 560 gold pieces at shops.

Inventory:

Hand weapons
 a - a +0 mace
 o - a +2 whip of freezing
 r - a +0 giant spiked club of flaming (weapon)
Missiles
 p - 3 large rocks (quivered)
Armour
 b - a +0 animal skin (worn)
Jewellery
 n - the ring "Uluohowa" (left claw) {rF++ MP+9 Str+3 Slay+3}
   (You bought it in a shop in the Dungeon)

   [ring of magical power]

   It affects your strength (+3).
   It affects your accuracy and damage with ranged weapons and melee attacks
   (+3).
   It greatly protects you from fire.
   It affects your magic capacity (+9).
 q - the ring of Starshine (right claw) {rElec MR- AC+4 Int+5}
   (You bought it in a shop in the Dungeon)

   [ring of protection]

   It affects your AC (+4).
   It affects your intelligence (+5).
   It insulates you from electricity.
   It affects your resistance to hostile enchantments.
 s - the amulet "Weoghaorr" (around neck) {Clar rF- Str+4}
   (You bought it in a shop in the Dungeon)

   [amulet of clarity]

   It provides mental clarity.
   It affects your strength (+4).
   It makes you vulnerable to fire.
Magical devices
 j - a wand of cold (5)
 k - a wand of fire (5)
Scrolls
 i - 4 scrolls of blinking
 l - 3 scrolls of fog
Potions
 d - 3 potions of might
 e - 3 potions of heal wounds
 f - 3 potions of haste
 g - 2 potions of magic
 h - a potion of berserk rage
 m - a potion of resistance
Comestibles
 c - 2 bread rations


   Skills:
 + Level 11.2 Fighting
 + Level 12.1 Maces & Flails
 - Level 4.8 Dodging


You had 7 spell levels left.
You didn't know any spells.

Dungeon Overview and Level Annotations

Branches:
Dungeon (1/1)

Altars:
Cheibriados
Dithmenos
Fedhas
Gozag
Kikubaaqudgha
Makhleb
Okawaru
Qazlal
Ru
Sif Muna
Trog
Vehumet
Xom
Yredelemnul
Zin
The Shining One
Jiyva
Lugonu

Shops:
D *[%??*?*:[((!!!!

Annotations:
D Lernaean hydra


Innate Abilities, Weirdness & Mutations

You are too large for most types of armour.
You have claws for hands.
Your metabolism is lightning-fast.
You like to eat raw meat.
You heal very quickly.
You are covered in fur (AC +1).
You have very tough skin (AC +2).


Message History

The 27-headed Lernaean hydra roars!
You stick the 27-headed Lernaean hydra like a pincushion!!!
You burn the 27-headed Lernaean hydra!
The 27-headed Lernaean hydra is moderately wounded.
The 27-headed Lernaean hydra bites you.
The 27-headed Lernaean hydra bites you but does no damage.
The 27-headed Lernaean hydra bites you. The 27-headed Lernaean hydra bites you!
The 27-headed Lernaean hydra bites you but does no damage.
The 27-headed Lernaean hydra bites you. The 27-headed Lernaean hydra bites you!
The 27-headed Lernaean hydra bites you. The 27-headed Lernaean hydra bites you!
The 27-headed Lernaean hydra barely misses you.
The 27-headed Lernaean hydra bites you.
* * * LOW HITPOINT WARNING * * *
The 27-headed Lernaean hydra bites you!
* * * LOW HITPOINT WARNING * * *
The 27-headed Lernaean hydra bites you but does no damage.
The 27-headed Lernaean hydra bites you!
* * * LOW HITPOINT WARNING * * *
The 27-headed Lernaean hydra bites you!
You die...

##⌠⌠⌠## #.....# ##.....##
##∩.....∩## #∩.......∩#
#_......._# #........_#
#....[[[._# ###....@D...###
#⌠....÷......§#
######.8)........8.######
##∩._.......###......___∩##
###∩........8.# #.8........∩###
##.............###.........)...##
#⌠..........###...###(.....(...⌠#
#⌠......÷...# #.<.# #.....[....⌠#
#⌠..........###...###..........⌠#


You could see the 27-headed Lernaean hydra.

Vanquished Creatures
  Pikel (D)
  2 queen bees (D)
  2 water moccasins (D)
  A big kobold (D)
  5 killer bees (D)
  6 orc priests (D)
  2 adders (D)
  2 goblins (D)
  A kobold (D)
  A ball python (D)
23 creatures vanquished.

Notes
Turn   | Place    | Note
--------------------------------------------------------------
     0 | D        | nuthulu the Troll Berserker began the quest for the Orb.
     0 | D        | Reached XP level 1. HP: 22/22 MP: 0/0
     1 | D        | Found an opulent altar of Gozag.
     1 | D        | Found a glowing golden altar of the Shining One.
     2 | D        | Found an ancient bone altar of Kikubaaqudgha.
     2 | D        | Found a burning altar of Makhleb.
     3 | D        | Found a shimmering altar of Xom.
     4 | D        | Found Baitt's Do-It-Yourself Clinic.
     4 | D        | Found a deep blue altar of Sif Muna.
     4 | D        | Found a glowing silver altar of Zin.
     4 | D        | Found Luarae's Distillery.
     5 | D        | Found Aputhydu's Bottled Wisdom.
     5 | D        | Found Asy Caosm's Distillery.
     5 | D        | Round 1.
     8 | D        | Noticed a water moccasin
     8 | D        | Found a bloodstained altar of Trog.
    16 | D        | Killed a water moccasin
    16 | D        | Reached skill level 5 in Fighting
    16 | D        | Reached skill level 5 in Maces & Flails
    16 | D        | Reached XP level 2. HP: 29/35 MP: 1/1
    16 | D        | Reached XP level 3. HP: 35/42 MP: 2/2
    16 | D        | Reached XP level 4. HP: 41/50 MP: 3/3
    29 | D        | Bought 6 potions of might for 168 gold pieces
    32 | D        | Found an iron altar of Okawaru.
    36 | D        | Acquired Trog's second power
    56 | D        | Found a snail-covered altar of Cheibriados.
    57 | D        | Found a blossoming altar of Fedhas.
    57 | D        | Found a viscous altar of Jiyva.
    57 | D        | Found Yllar's Weapon Rack.
    57 | D        | Found Uwiwkufi's Premium Goods.
    58 | D        | Found Bobuoxo's Basic Armour.
    58 | D        | Found Idwaojud's Miscellaneous Merchandise.
    65 | D        | Found a radiant altar of Vehumet.
    66 | D        | Found a stormy altar of Qazlal.
    67 | D        | Found a basalt altar of Yredelemnul.
    68 | D        | Found Kosko's Identification Station.
    68 | D        | Found a sacrificial altar of Ru.
    68 | D        | Found Qitor's Bee Food.
    76 | D        | Noticed a water moccasin
    76 | D        | Found Leshrav's Advanced Armour.
    76 | D        | Found Saablozu's Jewellery.
    81 | D        | Killed a water moccasin
    81 | D        | Reached skill level 6 in Fighting
    81 | D        | Reached skill level 7 in Maces & Flails
    81 | D        | Reached XP level 5. HP: 40/61 MP: 4/4
    82 | D        | Arena points: 12 (+12) [x2]
    91 | D        | Bought a clouded lapis lazuli ring for 45 gold pieces
    91 | D        | Identified the ring "Uluohowa" {rF++ MP+9 Str+3 Slay+3} (You bought it in a shop in the Dungeon)
   122 | D        | Found a shadowy altar of Dithmenos.
   122 | D        | Found a corrupted altar of Lugonu.
   123 | D        | Found Lomm's Magic Scroll Shop.
   123 | D        | Found Ebud's Staff Store.
   124 | D        | Found Govelat's Magic Scroll Shop.
   124 | D        | Found Atteopsuana's Must-Have Magic.
   154 | D        | Round 2.
   167 | D        | Noticed Pikel
   178 | D        | Killed Pikel
   178 | D        | Reached skill level 9 in Fighting
   178 | D        | Reached skill level 10 in Maces & Flails
   178 | D        | Reached XP level 6. HP: 37/76 MP: 5/5
   178 | D        | Reached XP level 7. HP: 40/83 MP: 6/6
   244 | D        | Acquired Trog's third power
   244 | D        | Arena points: 48 (+36) [x3]
   260 | D        | Bought a scorched platinum ring for 45 gold pieces
   260 | D        | Identified the ring of Starshine {rElec MR- AC+4 Int+5} (You bought it in a shop in the Dungeon)
   277 | D        | Round 3.
   328 | D        | Reached skill level 10 in Fighting
   391 | D        | Received a gift from Trog
   391 | D        | Arena points: 132 (+84) [x4]
   422 | D        | Round 4.
   432 | D        | Reached skill level 11 in Maces & Flails
   447 | D        | Bought a +0 giant spiked club for 57 gold pieces
   456 | D        | Noticed a queen bee
   465 | D        | Reached XP level 8. HP: 73/94 MP: 7/7
   482 | D        | Killed a queen bee
   499 | D        | Bought an ancient bronze amulet for 45 gold pieces
   499 | D        | Identified the amulet "Weoghaorr" {Clar rF- Str+4} (You bought it in a shop in the Dungeon)
   530 | D        | Noticed a queen bee
   536 | D        | Killed a queen bee
   536 | D        | Arena points: 292 (+160) [x5]
   536 | D        | Reached skill level 12 in Maces & Flails
   552 | D        | Round 5.
   553 | D        | Bought a scroll of brand weapon for 200 gold pieces
   555 | D        | Noticed the 27-headed Lernaean hydra
   558 | D        | Slain by the 27-headed Lernaean hydra

Vault maps used:
D:        arena_sprint

Action                   |  1- 3 |  4- 6 |  7- 9 || total
-------------------------+-------+-------+-------++-------
Melee: Mace              |     4 |    18 |       ||    22
       Whip              |       |       |    40 ||    40
       Giant spiked club |       |       |    14 ||    14
Invok: Berserk           |     1 |       |       ||     1
       Brothers in Arms  |       |       |     1 ||     1
  Use: Potion            |     1 |     2 |     3 ||     6
       Scroll            |       |       |     1 ||     1
  Eat: Chunk             |       |     1 |     9 ||    10
